 Dungeon Crawl Stone Soup version 0.21-a0-504-g2eda330 (webtiles) character file.

30 Vidiiot the Chucker (level 3, 0/28 HPs)
             Began as a Barachi Hunter on Nov 25, 2017.
             Slain by Terence
             ... wielding a +0 mace
              (1 damage)
             ... on level 2 of the Dungeon.
             The game lasted 00:02:34 (716 turns).

Vidiiot the Chucker (Barachi Hunter)                 Turns: 716, Time: 00:02:35

Health: 0/28       AC:  5    Str: 14    XL:     3   Next: 20%
Magic:  3/3        EV: 11    Int: 11    God:
Gold:   33         SH:  0    Dex: 12    Spells: 2/2 levels left

rFire    . . .     SeeInvis .     - Unarmed
rCold    . . .     Gourm    .   (no shield)
rNeg     . . .     Faith    .   g - +0 ring mail
rPois    .         Spirit   .   (no helmet)
rElec    .         Reflect  .   (no cloak)
rCorr    .         Harm     .   (no gloves)
MR       .....                  (no boots)
Stlth    +.........             (no amulet)
HPRegen  0.09/turn              (no ring)
MPRegen  0.08/turn              (no ring)

@: slow
A: +LOS, swims, slowness 1, strong legs 1
a: Hop


You were on level 2 of the Dungeon.
You were not hungry.

You visited 1 branch of the dungeon, and saw 3 of its levels.

You collected 33 gold pieces.

Inventory:

Hand Weapons
 a - a +0 short sword
Armour
 b - a +0 leather armour
 g - a +0 ring mail (worn)
Scrolls
 e - a scroll of identify {unknown}
 h - a scroll of random uselessness {unknown}
 i - a scroll of blinking {unknown}
Comestibles
 f - a bread ration
 j - a royal jelly


   Skills:
 - Level 2.4 Fighting
 - Level 4.0 Throwing
 - Level 2.1 Dodging
 - Level 2.1 Stealth
 + Level 2.1 Unarmed Combat


You had 2 spell levels left.
You didn't know any spells.

Dungeon Overview and Level Annotations

Branches:
Dungeon (3/15)

Altars:

Annotations:
D:2 Terence


Innate Abilities, Weirdness & Mutations

Shadows flee at your approach. (+LOS)
You can swim through water.
You cover ground slowly.
You can hop short distances.


Message History

Terence is severely wounded.
Terence hits you but does no damage.
You barely miss Terence.
Terence is severely wounded.
Terence hits you but does no damage.
You hit Terence but do no damage.
Terence is severely wounded.
Terence hits you with a mace.
* * * LOW HITPOINT WARNING * * *
You aren't carrying any potions.
You hit Terence but do no damage.
Terence is severely wounded.
Terence hits you with a mace!
* * * LOW HITPOINT WARNING * * *
You hit Terence but do no damage.
Terence is severely wounded.
You hit Terence but do no damage.
Terence is severely wounded.
Terence hits you with a mace.
You die...

#....).......#
#######)....##
#.......#
#.......#
#.....###
#####.# #.#
#.#########.#
#...@@..((..(
###########.#


You could see Terence.

Vanquished Creatures
  2 adders (D:2)
  An orc (D:2)
  3 hobgoblins (D:2)
  4 jackals (D:2)
  A goblin (D:2)
11 creatures vanquished.

Notes
Turn   | Place    | Note
-------+----------+-------------------------------------------
     0 | D:1      | Vidiiot the Barachi Hunter began the quest for the Orb.
     0 | D:1      | Reached XP level 1. HP: 17/17 MP: 1/1
    20 | D:2      | Reached skill level 1 in Stealth
    20 | D:2      | Reached skill level 1 in Unarmed Combat
    20 | D:2      | Reached XP level 2. HP: 23/23 MP: 2/2
   308 | D:2      | Reached XP level 3. HP: 13/28 MP: 3/3
   696 | D:2      | Noticed Terence
   714 | D:2      | HP: 1/28 [Terence/mace (7)]
   716 | D:2      | Slain by Terence

Vault maps used:
D:1:      dpeg_arrival_tiny_a, minmay_split_cup_small
D:2:      uniq_jessica, uniq_terence

Skill      XL: |  1  2  3 |
---------------+----------+-----
Stealth        | 1 2 |  2.1
Unarmed Combat | 1 2 |  2.1
Fighting       | |  2.4
Throwing       | |  4.0
Dodging        | |  2.1

Action                   || total
-------------------------++-------
Melee: Short sword       ||     6
       Unarmed           ||    39
Throw: Javelin           ||    23
       Throwing net      ||     3
 Abil: Hop               ||     1
 Stab: Held in net/web   ||     2
Armor: Ring mail         ||    25
Dodge: Dodged            ||    40

Table legend:
 A = Spawn XP
 B = Non-spawn XP
 C = Spawn XP percentage of total XP
 D = Spawn monster count
 E = Non-spawn monster count
 F = Spawn count percentage of total count
 G = Total turns spent on level
                    A         B        C        D         E        F      G
               +---------+---------+-------+---------+---------+-------+---------
         Total |       0 |      44 |   0.0 |       0 |      11 |   0.0 |   716
               +---------+---------+-------+---------+---------+-------+---------
           D:2 |       0 |      44 |   0.0 |       0 |      11 |   0.0 |   699
               +---------+---------+-------+---------+---------+-------+---------
